 Dungeon Crawl Stone Soup version 0.31-a0-1074-g0b22e4e0f1 (webtiles) character file.

Game seed: 18107485010411710595

4676 ytrimaz the Nimble (level 10, -4/53 HPs)
             Began as an Octopode Shapeshifter on Dec 6, 2023.
             Was an Initiate of Gozag.
             Slain by Amaemon
             ... wielding a -2 demon whip of venom
              (13 damage)
             ... on level 8 of the Dungeon.
             The game lasted 00:09:35 (6601 turns).

ytrimaz the Nimble (Octopode Shapeshifter)          Turns: 6601, Time: 00:09:36

Health: -4/53      AC:  1    Str: 11    XL:     10   Next: 44%
Magic:  10/10      EV: 20    Int: 16    God:    Gozag
Gold:   382        SH:  0    Dex: 20    Spells: 9/9 levels left

rFire   . .          .
                       - Unarmed
rCold   . . .        (shield currently unavailable)
rNeg    . . .        (helmet restricted)
rPois   .            l - amulet of regeneration
rElec   .            E - ring "Rowutz" {Fly Str-3 Int+3 Dex+5 Stlth+}
rCorr   .            (no ring)
SInv    .            (no ring)
Will    .....        (no ring)
Stlth   ++++++       (no ring)
HPRegen 1.08/turn    (no ring)
MPRegen 0.12/turn    (no ring)
                     (no ring)

%: no passive effects
@: lethally poisoned (-4 -> -17), blade tentacles, flying, invisible
A: reduced hp, almost no armour, amphibious, 8 rings, camouflage 1, gelatinous
body 1, (nimble swimmer 1), tentacles
a: Begin Untransformation, Renounce Religion, Potion Petition, Call Merchant,
Bribe Branch


You were on level 8 of the Dungeon.
You worshipped Gozag.
Gozag was aware of your devotion.
You had blades for main tentacles.
You visited 2 branches of the dungeon, and saw 9 of its levels.
You also visited: Sewer.

You collected 937 gold pieces.
You paid 555 gold pieces to Gozag.


Innate Abilities, Weirdness & Mutations

You have blades for main tentacles.
Your maximum health is decreased, since you lack skill for your form.
You are incapable of wielding weapons or throwing items.
You cannot wear most types of armour.
You are amphibious.
You can wear up to eight rings at the same time.
Your skin changes colour to match your surroundings (Stealth+).
Your rubbery body absorbs attacks. (AC +1, EV +1)
((You are camouflaged when in or above water. (Stealth+)))
You have tentacles for arms and can constrict up to eight enemies at once.


   Skills:
 - Level 1.0 Fighting
 + Level 10.1 Dodging
 - Level 9.0 Stealth
 - Level 3.0 Unarmed Combat
 + Level 9.2 Shapeshifting


You had 9 spell levels left.
You didn't know any spells.
Your spell library contained the following spells:

 Spells                   Type           Power      Damage    Failure   Level
 Ozocubu's Armour         Ice            0%         N/A       58%         3
 Stone Arrow              Conj/Erth      0%         3d7       58%         3
 Cause Fear               Hex            0%         N/A       94%         4
 Fireball                 Conj/Fire      0%         3d3       100%        5
 Ozocubu's Refrigeration  Ice            0%         4d7       100%        7
 Lehudib's Crystal Spear  Conj/Erth      0%         10d2      100%        8
 Dragon's Call            Summ           0%         N/A       100%        9
 Animate Armour           Summ/Erth      Unusable   N/A       N/A         4

Inventory:

Missiles
 m - a throwing net
Jewellery
 l - an amulet of regeneration (around mantle)
   (You found it on level 2 of the Dungeon)
 E - the ring "Rowutz" (left blade tentacle) {Fly Str-3 Int+3 Dex+5 Stlth+}
   (You found it on level 7 of the Dungeon)

   [ring of flight]

   Str-3:     It affects your strength (-3).
   Int+3:     It affects your intelligence (+3).
   Dex+5:     It affects your dexterity (+5).
   Fly:       It grants you flight.
   Stlth+:    It makes you more stealthy.
Talismans
 b - a beast talisman
 c - a flux talisman
 k - a blade talisman (active)
   (You found it on level 5 of the Dungeon)
 x - a maw talisman
   (You found it on level 4 of the Dungeon)
Wands
 s - a wand of paralysis (18) (quivered)
   (You found it on level 3 of the Dungeon)
Scrolls
 a - a scroll of identify
 d - 4 scrolls of teleportation
 e - 3 scrolls of fog
 f - 3 scrolls of enchant armour
 g - 2 scrolls of summoning
 i - a scroll of noise
 q - a scroll of amnesia
 r - a scroll of vulnerability
 u - 3 scrolls of blinking
 C - a scroll of revelation
Potions
 h - a potion of resistance {unknown}
 j - a potion of brilliance {unknown}
 n - a potion of magic
 o - a potion of attraction {unknown}
 p - a potion of ambrosia {unknown}
 t - 2 potions of might
 v - 2 potions of cancellation {unknown}
 w - a potion of mutation {unknown}
 z - a potion of invisibility
 A - 2 potions of heal wounds {unknown}
 B - 2 potions of degeneration {unknown}
 D - 2 potions of curing {unknown}

Dungeon Overview and Level Annotations

Branches:
Dungeon (8/15) Zot: 26757  Temple (1/1) D:4 Zot: 5891   Sewer (visited)
   Lair: D:8-11

Altars:
Ashenzari
Cheibriados
Dithmenos
Elyvilon
Fedhas
Gozag
Hepliaklqana
Kikubaaqudgha
Makhleb
Nemelex Xobeh
Okawaru
Qazlal
Ru
Sif Muna
Trog
Uskayaw
Wu Jian
Zin
The Shining One

Shops:
D:2 [(:   D:7 **

Annotations:
D:4 1 runed translucent door, HilariousDeathArtist's ghost, amateur GrVM
D:8 Amaemon; Erica

##........# ...
#.......... ..
..######..$.......
.................(
##............... .
######..........
.### ##........#
..(### ##6.>...##
#...#####@##.###
#....##..# $.#
#..#.##.## #..#
#......#####...
##..#...........
##.....#########
########..###.######
.........## #......#
########## ##.....#


You could see Amaemon (unable to see you).


Message History

😱 HP[-3]
You take 3 damage, and now have 2/53 hp.
You completely miss the orc. You grab the orc. You squeeze the orc!
You kill the orc!
You feel sick.
You are no longer poisoned.
Unknown command. 😱 HP[+1]
You start resting.
An orc wizard is nearby! 😱 HP[+1] 😱 HP[+1] 😱 HP[+1] 😱 HP[+1] 😱 HP[+1]
The orc wizard hits you with a +0 dagger.
* * * LOW HITPOINT WARNING * * *
You closely miss the orc wizard. You grab the orc wizard.
You squeeze the orc wizard, but do no damage.
You constrict the orc wizard, but do no damage.
The orc wizard misses you. 😱 HP[+1]
You hit the orc wizard. You constrict the orc wizard. 😱 HP[+1]
You hit the orc wizard but do no damage.
You squeeze the orc wizard!
You kill the orc wizard! 😱 HP[+1] 😱 HP[+1]
You start resting.
An orc wizard is nearby! 😨 HP[+9]
You regained 9 hp, and now have 21/53 hp. 😨 HP[+1]
Things that are here:
6 gold pieces; a +0 dagger; a +0 robe; 😨 HP[+1] 😨 HP[+1] 😨 HP[+1] 😨 HP[+1] 😮 HP[+1]
Your attacks no longer feel as feeble. 😮 HP[+1]
You start resting.
An orc wizard is nearby! 😮 HP[+6]
You regained 6 hp, and now have 34/53 hp.
The orc wizard shouts!
You slash the orc wizard!
You kill the orc wizard! 😮 HP[+1]
You now have 373 gold pieces (gained 11).
Items here: )) [[. 😮 HP[+2]
You regained 2 hp, and now have 37/53 hp.
You now have 377 gold pieces (gained 4).
You see here a +0 trident.
You now have 382 gold pieces (gained 5).
Key pressed, stopping explore.
o - a puce potion 😎 HP[+16]
Your hp is fully restored (53).
You see here 17 gold pieces.
Unknown command.
Aiming: Paralyse
Press: ? - help, Q - select action, (/) - cycle Shift-Dir - straight line, f - Amaemon
Aim: Amaemon, wielding a -2 demon whip of venom (wandering, hasn't noticed you, chance to affect: 17%) Amaemon shouts!
Amaemon resists with almost no effort.
Amaemon's tail lashes.
Amaemon misses you. Amaemon closely misses you. Amaemon tail-slaps you.
You are poisoned.
Amaemon poisons you! 😕 HP[-1]
You take 1 damage, and now have 52/53 hp.
You hit Amaemon but do no damage. Your grab misses Amaemon.
You feel very sick.
Amaemon hits you with a -2 demon whip of venom!
You are more poisoned.
Amaemon barely misses you. Amaemon tail-slaps you! 😮 HP[-22]
You take 22 damage, and now have 30/53 hp.
MASSIVE DAMAGE!! (PAUSE)
You slash Amaemon! Your grab misses Amaemon.
You feel very sick.
Amaemon hits you with a -2 demon whip of venom.
* * * LOW HITPOINT WARNING * * *
You are more poisoned.
Amaemon claws you!
* * * LOW HITPOINT WARNING * * *
Amaemon misses you. 😨 HP[-15]
You take 15 damage, and now have 15/53 hp.
MASSIVE DAMAGE!! (PAUSE) It was a potion of invisibility.
You fade into invisibility!
* * * LOW HITPOINT WARNING * * *
You feel extremely sick.
Amaemon hits you with a -2 demon whip of venom!
You die...
Your body crumbles into a pile of gold.

Skill      XL: |  1  2  3  4  5  6  7  8  9 10 |
---------------+-------------------------------+-----
Stealth        | 1 2 3 4 5 7 9 |  9.0
Dodging        | 3 4 5 6 9 10 | 10.1
Shapeshifting  | 4 5 6 8 9 |  9.2
Fighting       | |  1.0
Unarmed Combat | |  3.0

Action                     |  1- 3 |  4- 6 |  7- 9 | 10-12 || total
---------------------------+-------+-------+-------+-------++-------
  Melee: Unarmed           |    31 |    72 |   259 |    46 ||   408
         Constrict         |     7 |    17 |    53 |     6 ||    83
         Tentacles         |     6 |    21 |    59 |    14 ||   100
         Punch             |     1 |     2 |    12 |     4 ||    19
 Invoke: Call Merchant     |       |       |       |     1 ||     1
  Evoke: Wand              |       |     5 |     8 |     1 ||    14
    Use: Scroll            |       |       |     6 |     5 ||    11
         Potion            |       |       |     1 |     4 ||     5
   Stab: Sleeping          |     5 |     8 |    29 |       ||    42
         Paralysed         |       |     5 |    16 |       ||    21
 Armour: Skin              |    11 |    32 |   128 |    41 ||   212
  Dodge: Dodged            |    11 |    50 |   181 |    31 ||   273
   Form: Blade             |       |       |     1 |     1 ||     2
         Beast             |       |       |     1 |       ||     1

Levels and vault maps discovered:
D:1:      ldierk_walled_garden_2, layout_basic
D:2:      layout_basic, serial_shops, shop, shop, shop, serial_bayou_crossing,
          uniq_natasha
D:3:      layout_loops_ring, due_unseen_surprise
D:4:      layout_rooms, minmay_temple_entry_glassed_door, ebering_ghost_sewer_d
D:5:      layout_rooms, fedhas_altar_4, mainiacjoe_overflow_boulevard,
          gup_sewer_entry_pipe, serial_co_window_serial, co_window_corner_a,
          co_window_paths_b, co_window_of_opportunity_a, co_window_paths_b,
          co_window_corner_a, co_window_corner_a, co_window_corner_cb,
          co_window_corner_ca, co_window_corner_b, co_window_cross_3,
          co_window_cross_2, uniq_menkaure
D:6:      layout_loops_ring, uniq_edmund
D:7:      minmay_cornered_nines, layout_basic, serial_shops,
          nicolae_shop_tiny_statue_garden, uniq_pikel, uniq_joseph
D:8:      layout_rooms, uniq_erica, uniq_amaemon
Temple:   minmay_crystal_spiral_temple

Notes
Turn   | Place    | Note
-------+----------+-------------------------------------------
     0 | D:1      | ytrimaz the Octopode Shapeshifter began the quest for the
                  | Orb.
     0 | D:1      | Reached XP level 1. HP: 13/13 MP: 1/1
     0 | D:1      | magus.rc [v1.9.6]
   264 | D:1      | Reached skill level 1 in Stealth
   388 | D:1      | HP: 3/13 [gnoll/+0 club (5)]
   390 | D:1      | Reached XP level 2. HP: 4/18 MP: 2/2
   740 | D:2      | Found Qomof's Antique Weapon Shoppe.
   778 | D:2      | Noticed Natasha
   779 | D:2      | Found Vaodd's Armour Emporium.
   785 | D:2      | Killed Natasha
   786 | D:2      | Reached skill level 2 in Stealth
   786 | D:2      | Reached XP level 3. HP: 23/23 MP: 3/3
   857 | D:2      | Found Zirryh Xyaqu's Book Emporium.
  1000 | D:2      | Noticed Natasha
  1010 | D:2      | Killed Natasha
  1011 | D:2      | Reached skill level 3 in Dodging
  1011 | D:2      | Reached XP level 4. HP: 21/28 MP: 4/4
  1072 | D:2      | You pick up a book of Armaments and begin reading...
  1072 | D:2      | You add the spells Stone Arrow and Lehudib's Crystal Spear
                  | to your library.
  1191 | D:2      | Noticed Natasha
  1202 | D:2      | Killed Natasha
  1203 | D:2      | Reached skill level 3 in Stealth
  1285 | D:3      | Reached XP level 5. HP: 33/33 MP: 5/5
  1433 | D:3      | Reached skill level 4 in Shapeshifting
  1479 | D:3      | Reached skill level 4 in Stealth
  1988 | D:4      | Noticed a phantom
  1998 | D:4      | Killed a phantom
  1999 | D:4      | Reached skill level 4 in Dodging
  1999 | D:4      | Reached XP level 6. HP: 31/38 MP: 6/6
  2165 | D:4      | Reached skill level 5 in Stealth
  2218 | D:4      | Reached XP level 7. HP: 32/43 MP: 7/7
  2419 | D:4      | Found a runed translucent door.
  2562 | D:4      | Noticed HilariousDeathArtist's ghost (amateur GrVM)
  2578 | D:4      | Found a staircase to the Ecumenical Temple.
  2586 | Temple   | Entered the Ecumenical Temple
  2640 | Temple   | Became a worshipper of Gozag Ym Sagoz the Greedy
  2741 | D:5      | Entered Level 5 of the Dungeon
  2741 | D:5      | Noticed Menkaure
  2766 | D:5      | Found a glowing drain.
  2816 | D:5      | You add the spells Ozocubu's Armour and Ozocubu's
                  | Refrigeration to your library.
  2838 | Sewer    | Entered a sewer
  2904 | Sewer    | Noticed Pargi
  2907 | Sewer    | Reached skill level 5 in Shapeshifting
  2921 | Sewer    | Killed Pargi
  2922 | Sewer    | Reached skill level 6 in Stealth
  3159 | D:5      | Reached skill level 5 in Dodging
  3180 | D:5      | Noticed a steam dragon
  3190 | D:5      | HP: 6/43 [steam dragon] (6)]
  3194 | D:5      | Killed a steam dragon
  3195 | D:5      | Reached skill level 7 in Stealth
  3195 | D:5      | Reached XP level 8. HP: 13/48 MP: 8/8
  3266 | D:5      | Found a broken altar of Ashenzari.
  3307 | D:5      | Killed Menkaure
  3651 | D:5      | Reached skill level 6 in Dodging
  3663 | D:5      | Reached skill level 8 in Stealth
  3663 | D:5      | Reached skill level 6 in Shapeshifting
  3827 | D:5      | Found a blossoming altar of Fedhas.
  4516 | D:6      | Noticed Edmund
  4523 | D:6      | Killed Edmund
  4524 | D:6      | Reached skill level 9 in Stealth
  4524 | D:6      | Reached XP level 9. HP: 49/53 MP: 9/9
  4643 | D:6      | Reached skill level 7 in Dodging
  4685 | D:6      | Reached skill level 7 in Shapeshifting
  4846 | D:6      | You pick up a book of the Dragon and begin reading...
  4846 | D:6      | You add the spells Cause Fear, Fireball and Dragon's Call
                  | to your library.
  5285 | D:7      | Identified the ring "Rowutz" {Fly Str-3 Int+3 Dex+5 Stlth+}
  5340 | D:7      | Reached skill level 8 in Dodging
  5415 | D:7      | Noticed a hornet
  5458 | D:7      | Killed a hornet
  5661 | D:7      | Noticed a cyclops
  5668 | D:7      | Killed a cyclops
  5669 | D:7      | Reached skill level 9 in Dodging
  5669 | D:7      | Reached skill level 8 in Shapeshifting
  5690 | D:7      | Reached XP level 10. HP: 42/58 MP: 10/10
  5980 | D:7      | Found Horerphuu's General Store.
  5980 | D:7      | Noticed Pikel
  5986 | D:7      | Noticed Joseph
  5999 | D:7      | Killed Pikel
  6033 | D:7      | HP: 10/58 [Joseph/+0 quarterstaff (15)]
  6041 | D:7      | HP: 8/87 [Joseph/+0 quarterstaff (9)]
  6042 | D:7      | Killed Joseph
  6183 | D:7      | Reached skill level 9 in Shapeshifting
  6358 | D:8      | Noticed Erica
  6471 | D:8      | Noticed Amaemon
  6475 | D:8      | Noticed an orange demon
  6494 | D:8      | HP: 9/52 [orc/+0 trident (7)]
  6495 | D:8      | Killed an orange demon
  6496 | D:8      | Reached skill level 10 in Dodging
  6498 | D:8      | HP: 4/53 [poisoned by an orange demon]
  6503 | D:8      | HP: 5/53 [poisoned by an orange demon]
  6503 | D:8      | HP: 2/53 [orc/+0 trident (3)]
  6511 | D:8      | HP: 8/53 [orc wizard/+0 dagger (1)]
  6601 | D:8      | HP: 9/53 [poisoned by Amaemon]
  6601 | D:8      | Slain by Amaemon

Vanquished Creatures
  Pikel (D:7)
  A cyclops (D:7)
  Joseph (D:7)
  An orange demon (D:8)
  A hornet (D:7)
  2 steam dragons
  A vampire mosquito (D:7)
  Menkaure (D:5)
  Edmund (D:6)
  2 water moccasins
  Pargi (Sewer)
  3 ice beasts
  A sky beast (D:6)
  3 black bears
  An ogre (D:4)
  3 phantoms
  A kobold brigand (D:7)
  A bullfrog (D:6)
  A scorpion (D:6)
  5 howler monkeys
  6 hounds
  A jelly (D:4)
  4 orc priests
  2 sleepcaps
  3 iguanas
  5 orc wizards
  Natasha (thrice) (D:2)
  5 adders
  A gnoll (D:1)
  A shadow imp (D:5)
  4 ufetubi
  4 dart slugs
  23 orcs
  3 bats
  5 endoplasms
  6 giant cockroaches
  3 goblins
  A hobgoblin (D:4)
  6 jackals
  5 quokkas
  4 ball pythons
  10 frilled lizards
  3 kobolds
  6 rats
146 creatures vanquished.

Table legend:
 A = Non-vault XP
 B = Vault XP
 C = Vault XP percentage of total XP
 D = Non-vault monster count
 E = Vault monster count
 F = Vault count percentage of total count
                 A         B        C        D         E       F
            +---------+---------+-------+---------+---------+-------
      Total |    3956 |    2725 |  40.8 |     121 |      25 |  17.1
            +---------+---------+-------+---------+---------+-------
        D:1 |      26 |       0 |   0.0 |      10 |       0 |   0.0
        D:2 |      84 |      35 |  29.4 |       9 |       1 |  10.0
        D:3 |     141 |       0 |   0.0 |      14 |       0 |   0.0
        D:4 |     479 |       0 |   0.0 |      24 |       0 |   0.0
        D:5 |     932 |     182 |  16.3 |      28 |       8 |  22.2
        D:6 |     984 |     158 |  13.8 |      16 |       1 |   5.9
        D:7 |    1106 |    1791 |  61.8 |      16 |       5 |  23.8
        D:8 |     204 |     416 |  67.1 |       4 |       1 |  20.0
      Sewer |       0 |     143 | 100.0 |       0 |       9 | 100.0
            +---------+---------+-------+---------+---------+-------

Skill      XL: |  1  2  3  4  5  6  7  8  9 10 |
---------------+-------------------------------+-----
Stealth        | 1 2 3 4 5 7 9 |  9.0
Dodging        | 3 4 5 6 9 10 | 10.1
Shapeshifting  | 4 5 6 8 9 |  9.2
Fighting       | |  1.0
Unarmed Combat | |  3.0

Action                     |  1- 3 |  4- 6 |  7- 9 | 10-12 || total
---------------------------+-------+-------+-------+-------++-------
  Melee: Unarmed           |    31 |    72 |   259 |    46 ||   408
         Constrict         |     7 |    17 |    53 |     6 ||    83
         Tentacles         |     6 |    21 |    59 |    14 ||   100
         Punch             |     1 |     2 |    12 |     4 ||    19
 Invoke: Call Merchant     |       |       |       |     1 ||     1
  Evoke: Wand              |       |     5 |     8 |     1 ||    14
    Use: Scroll            |       |       |     6 |     5 ||    11
         Potion            |       |       |     1 |     4 ||     5
   Stab: Sleeping          |     5 |     8 |    29 |       ||    42
         Paralysed         |       |     5 |    16 |       ||    21
 Armour: Skin              |    11 |    32 |   128 |    41 ||   212
  Dodge: Dodged            |    11 |    50 |   181 |    31 ||   273
   Form: Blade             |       |       |     1 |     1 ||     2
         Beast             |       |       |     1 |       ||     1

Illustrated notes

Table legend:
 A = Kills in this place as a percentage of kills in the entire game.
 B = Kills by you in this place as a percentage of kills by you in the entire game.
 C = Kills by friends in this place as a percentage of kills by friends in the entire game.
 D = Other kills in this place as a percentage of other kills in the entire game.
 E = Experience gained in this place as a percentage of experience gained in the entire game.
 F = Experience gained in this place divided by the number of levels of this place that you have seen.
                   A       B       C       D       E      F
               +-------+-------+-------+-------+-------+----------------------
         Total | 100.0 | 100.0 |   N/A |   N/A | 100.0 | 668.1
       Dungeon |  93.8 |  93.8 |   N/A |   N/A |  97.9 | 817.2
         Sewer |   6.2 |   6.2 |   N/A |   N/A |   2.1 | 143.0
               +-------+-------+-------+-------+-------+----------------------

Table legend: (Time is in decaauts)
 A = Elapsed time spent in this place.
 B = Non-inter-level travel time spent in this place.
 C = Inter-level travel time spent in this place.
 D = Time resting spent in this place.
 E = Time spent auto-exploring this place.
 F = Levels seen in this place.
 G = Mean time per level.
                   A        B        C        D        E       F      G
               +--------+--------+--------+--------+--------+-----+--------+
         Total |   6582 |   6147 |    435 |     92 |   4621 |  10 |  658.2 |
       Dungeon |   6179 |   5850 |    329 |     92 |   4422 |   8 |  772.4 |
        Temple |    108 |      2 |    106 |      0 |      0 |   1 |  108.0 |
         Sewer |    294 |    294 |      0 |      0 |    199 |   1 |  294.0 |
               +--------+--------+--------+--------+--------+-----+--------+

Top non-repeatable levels by time:
     D:5: 1294 daAuts
     D:7: 1137 daAuts
     D:6: 911 daAuts
     D:3: 711 daAuts
     D:4: 696 daAuts
     D:1: 660 daAuts
     D:2: 562 daAuts
   Sewer: 294 daAuts
     D:8: 204 daAuts
  Temple: 108 daAuts
